Map: Cosmic Sapphire

Players

MattBarry

  • Race: Zerg Zerg
  • League: Silver
  • Spawn Location: 5:00

Ninji - Winner!

  • Race: Terran Terran
  • League: Gold
  • Spawn Location: 11:00

VOD

Have the link to the VOD?

Description

Time

  • Played on: Jan. 19, 2023, 3:07 a.m.
  • Length: 12:08
Show
View Real Time Build Order
Export as new Build Order

MattBarry Zerg 

Build Orders: Hatch First 

Get SALT Encoding   

  12  0:00  Drone  
  13  0:12  Overlord  
  13  0:17  Drone  
  14  0:31  Drone  
  14  0:32  Drone  
  16  0:49  Hatchery  
  15  0:59  Drone  
  16  1:04  Drone  
  17  1:13  Spawning Pool  
  17  1:14  Drone  
  17  1:16  Drone  
  18  1:22  Drone  
  18  1:25  Extractor  
  18  2:00  Zergling x6  
  21  2:01  Queen  
  21  2:02  Queen  
  21  2:05  Drone  
  26  2:26  Metabolic Boost  
  26  2:28  Drone  
  26  2:29  Drone  
  28  2:31  Overlord  
  28  2:37  Evolution Chamber  
  28  2:39  Drone  
  25  3:01  Drone x4  
  25  3:02  Drone x2  
  30  3:17  Zergling x2  
  30  3:18  Zergling x6  
  33  3:35  Baneling Nest  
  32  3:56  Extractor  
  32  3:58  Drone  
  32  4:04  Drone  
  32  4:05  Drone x3  
  35  4:25  Pneumatized Carapace  
  35  4:29  Drone  
  36  4:32  Overlord x2  
  36  4:39  Spore Crawler  
  36  4:41  Spore Crawler  
  36  4:44  Lair  
  34  4:48  Drone x2  
  34  4:49  Overlord  
  36  5:07  Hatchery  
  36  5:08  Roach Warren, Queen  
  36  5:16  Extractor  
  36  5:17  Extractor  
  34  5:28  Drone x8  
  35  5:29  Drone x5  
  47  5:48  Queen  
  49  5:53  Drone  
  49  5:54  Drone x4  
  54  5:57  Roach  
  56  6:06  Glial Reconstitution  
  56  6:10  Zerg Ground Armor Level 1  
  56  6:14  Evolution Chamber  
  55  6:29  Spire  
  55  6:32  Queen  
  56  6:46  Zergling x2  
  55  6:47  Zergling x22  
  65  7:00  Zergling x2  
  66  7:01  Overlord  
  66  7:02  Overlord x2  
  63  7:21  Roach  
  63  7:22  Roach x9  
  70  7:37  Zergling x2  
  70  7:38  Zergling x14  
  63  7:56  Roach  
  51  8:03  Roach  
  51  8:04  Roach x4  
  39  8:22  Zergling x2  
  39  8:23  Zergling x6  
  44  8:27  Ravager x2  
  43  8:43  Drone x2  
  43  8:44  Queen  
  43  8:58  Drone  
  44  9:08  Hatchery  
  43  9:10  Zerg Missile Weapons Level 1  
  43  9:11  Hatchery, Drone  
  43  9:23  Hatchery  
  42  9:26  Queen  
  38  9:36  Overseer  
  38  9:39  Drone x3  
  41  10:03  Roach x2  
  45  10:11  Baneling x3  
  45  10:12  Baneling x2  
  45  10:23  Roach x2  
  49  10:29  Ravager  
  49  10:32  Roach  
  52  10:35  Ravager  
  52  10:36  Ravager  
  54  10:46  Queen  
  54  11:03  Mutalisk x3  
  56  11:08  Mutalisk  
  62  11:15  Drone  
  62  11:16  Drone  
  62  11:18  Drone  
  65  11:26  Drone x2  
  65  11:27  Drone  
  68  11:34  Drone  
Show
View Real Time Build Order
Export as new Build Order

Ninji Terran - Winner!

Build Orders: Reaper Expand 

Get SALT Encoding   

  12  0:01  SCV  
  13  0:13  SCV  
  14  0:17  Supply Depot  
  14  0:26  SCV  
  15  0:38  SCV  
  15  0:40  Barracks  
  16  0:50  SCV  
  16  0:51  Refinery  
  17  1:03  SCV  
  18  1:17  SCV  
  19  1:31  Orbital Command  
  19  1:37  Reaper  
  20  1:46  Command Center  
  20  1:58  Supply Depot  
  20  2:05  Bunker  
  20  2:09  Marine, SCV  
  22  2:22  SCV  
  23  2:24  Factory  
  23  2:31  Barracks Reactor  
  23  2:38  Engineering Bay  
  23  2:49  SCV  
  22  3:07  Supply Depot  
  22  3:12  Marine x2  
  23  3:14  Hellion  
  26  3:20  SCV x2  
  27  3:30  Marine x2  
  29  3:41  Orbital Command  
  29  3:46  Starport  
  29  3:49  Barracks  
  29  3:56  Barracks Tech Lab  
  29  3:59  SCV  
  30  4:07  Supply Depot  
  30  4:11  Terran Infantry Weapons Level 1  
  30  4:18  Marine, Hellion x2  
  30  4:23  SCV x2  
  37  4:27  Refinery  
  37  4:35  SCV  
  37  4:36  SCV, Refinery  
  40  4:41  Barracks Tech Lab  
  40  4:42  Medivac  
  41  4:56  SCV x2  
  45  5:00  Widow Mine, Marine x2  
  45  5:04  Marine  
  48  5:09  Stimpack  
  48  5:12  SCV x2  
  50  5:29  Marine x2  
  50  5:30  Marine  
  50  5:32  Infernal Pre-Igniter, Hellion  
  50  5:34  Starport Reactor  
  50  5:35  SCV x2  
  57  5:39  Refinery  
  57  5:41  Supply Depot  
  57  5:47  SCV  
  58  5:56  Widow Mine, Marine x2  
  62  6:02  Marine  
  63  6:05  Terran Infantry Armor Level 1  
  63  6:08  Missile Turret  
  63  6:09  Missile Turret  
  63  6:13  SCV  
  63  6:14  SCV  
  65  6:19  Medivac  
  67  6:29  Armory  
  67  6:31  SCV  
  68  6:33  SCV  
  69  6:53  SCV  
  70  6:58  Combat Shield  
  70  7:18  Marine x2, SCV  
  69  7:23  Marine  
  70  7:41  Barracks  
  70  7:42  Barracks  
  70  7:47  Marine x2  
  70  7:48  Medivac  
  70  7:53  Marine  
  70  7:57  Medivac  
  70  8:04  Marine  
  69  8:12  Marauder  
  70  8:40  Marine x2  
  70  8:41  Viking, SCV x2, Marine  
  69  8:42  Liberator  
  69  8:44  Siege Tank  
  70  8:53  Command Center  
  70  8:55  Barracks Tech Lab, Barracks Reactor  
  70  9:02  Barracks  
  70  9:10  Supply Depot, Factory  
  70  9:15  Supply Depot  
  70  9:32  Marine x4, SCV x2, Marauder  
  70  9:36  Marine  
  70  9:37  Siege Tank  
  82  9:42  Liberator  
  82  9:44  SCV  
  86  9:54  Starport  
  86  9:55  SCV  
  86  9:56  SCV  
  88  10:00  Marauder  
  88  10:05  Marine x4  
  88  10:06  Barracks Tech Lab  
  88  10:07  Marine, SCV  
  92  10:08  SCV  
  92  10:09  Factory Tech Lab, Hellion  
  92  10:13  Orbital Command  
  97  10:16  Refinery  
  97  10:19  Refinery  
  99  10:21  Marauder  
  99  10:25  Marauder  
  101  10:37  Marine, SCV x2  
  101  10:38  Marine x3, Marauder  
  111  10:42  Marauder  
  111  10:43  Engineering Bay  
  111  10:48  Supply Depot  
  111  10:49  SCV  
  112  11:00  Marine  
  112  11:01  Marine x3, Marauder x2  
  112  11:02  Concussive Shells  
  112  11:03  Marine  
  112  11:04  Siege Tank  
  124  11:06  Starport Reactor  
  124  11:08  SCV  
  124  11:10  SCV x2  
  127  11:18  Marine  
  127  11:20  SCV, Sensor Tower  
  127  11:22  SCV x2, Marauder  
Tags
 
Add a new tag
Caveats
  • Supply blocks, unpowered buildings, or Contaminate may cause inaccurate times.
  • Supply counts are checked every 10 seconds.